[Event "Early-Titled-Tuesday-Blitz-October-24-2023"]
[Site "Chess.com"]
[Date "2023.10.24"]
[Round "7"]
[White "GlavkonVVS"]
[Black "Carow-Kann"]
[Result "0-1"]
[WhiteElo "2529"]
[BlackElo "2700"]
[TimeControl "180+1"]
[EndTime "9:15:05 PDT"]
[Termination "Carow-Kann won by resignation"]

1. c4 c5 2. Nc3 g6 3. g3 Bg7 4.
Bg2 Nc6 5. Nf3 e6 6. d3 Nge7 7. O-O b6 8. a3 Bb7 9. Bd2 d6 10. Rb1 Qd7 11. b4 O-O 12. h4 h6 13.
Qc1 Kh7 14. h5 g5 15. Ne4 f5 16. Nexg5+ hxg5 17.
Nxg5+ Kg8 18. Re1 e5 19. b5 Nd4 20. e3 Bxg2 21. Kxg2 Ne6 22. Nh3 d5 23. f4 Rad8 24. Bc3 e4 25. dxe4 dxe4 26. Bxg7 Nxg7 27. h6 Qd2+ 28.
Nf2 Nh5 29. Rd1 Qe2 30. h7+ Kxh7 31. Rh1 Kg6 32. Rh3 Rd2 33. Qe1 Qxe1 34. Rxe1 Nf6 35. Kf1 Ng4 36. Nxg4 fxg4 37. Rh4 Nf5 38. Rxg4+ Kf6 39.
Rg5 Rh8 40. Kg1 Rhh2 41. a4 Rdg2+ 42.
Kf1 Nxg3+ 43. Rxg3 Rxg3 44. Rd1 Rh1+ 45. Kf2 Rxd1 46. Kxg3 Ra1 0-1

[Event "Early-Titled-Tuesday-Blitz-October-24-2023"]
[Site "Chess.com"]
[Date "2023.10.24"]
[Round "7"]
[White "MaxLeto"]
[Black "cthulhuuu"]
[Result "1-0"]
[WhiteElo "2562"]
[BlackElo "2404"]
[TimeControl "180+1"]
[EndTime "9:15:06 PDT"]
[Termination "MaxLeto won by resignation"]

1. e4 d6 2. d4 Nf6 3. Nc3 c6 4.
f4 Qb6 5. h3 e5 6. Nf3 exd4 7.
Qxd4 Qxd4 8. Nxd4 g6 9. Be3 Nh5 10. Kf2 Be7 11. g4 Bh4+ 12. Kf3 Ng3 13. Bf2 Nxf1 14.
Bxh4 Nd2+ 15. Kg2 f5 16. exf5 gxf5 17. gxf5 Nc4 18. Rhe1+ Kf8 19. b3 Rg8+ 20. Kf2 Nb6 21. Be7+ Kf7 22. Bxd6 Nd5 23. Nxd5 cxd5 24. Re7+ Kf6 25.
Rxh7 Nc6 26. Nxc6 bxc6 27. Be5+ Kxf5 28. Rh6 d4 29. Re1 Rg6 30. Rh5+ Ke6 31. f5+ Kf7 32.
fxg6+ Kxg6 33. Rh8 1-0

[Event "Early-Titled-Tuesday-Blitz-October-24-2023"]
[Site "Chess.com"]
[Date "2023.10.24"]
[Round "7"]
[White "Zavgorodniy_Sergiy"]
[Black "MidnightFox"]
[Result "0-1"]
[WhiteElo "2684"]
[BlackElo "2508"]
[TimeControl "180+1"]
[EndTime "9:15:09 PDT"]
[Termination "MidnightFox won by resignation"]

1. d4 Nf6 2. c4 e5 3. dxe5 Ne4 4. a3 b6 5. Nf3 Bb7 6. Nbd2 a5 7. Nxe4 Bxe4 8. Bg5 Be7 9. Bxe7 Qxe7 10. e3 Nc6 11. Be2 Rd8 12. O-O Nxe5 13. b3 O-O 14. Nxe5 Qxe5 15.
Bf3 d5 16. Bxe4 dxe4 17. Qc2 Rd3 18. Rad1 Rfd8 19. g3 h5 20. h4 Qd6 21. Rxd3 exd3 22. Qb2 d2 23. Rd1 Qd3 24. Kg2 Qe2 25. Qc2 Rd3 26.
b4 a4 27. c5 b5 28. c6 g6 29. Kg1 Kh7 30. Kg2 Rxe3 31. Qxd2 Qf3+ 32. Kg1 Rxa3 33.
Qd7 Ra2 34. Rf1 Rc2 35. Qxc7 Rxc6 36. Qe5 Rc2 37. Qxb5 a3 38. Qd7 a2 39. Qd4 Qb3 40. Kh2 Rb2 41. Re1 Qxb4 42. Qf6 Qb7 43. Re7 Rxf2+ 44.
Qxf2 Qxe7 45. Qxa2 Qe6 46. Qf2 Qe7 47. Qf5 gxf5 0-1

[Event "Early-Titled-Tuesday-Blitz-October-24-2023"]
[Site "Chess.com"]
[Date "2023.10.24"]
[Round "7"]
[White "rezamahdavi2008"]
[Black "Grandmaster1369"]
[Result "1-0"]
[WhiteElo "2897"]
[BlackElo "2799"]
[TimeControl "180+1"]
[EndTime "9:15:11 PDT"]
[Termination "rezamahdavi2008 won by resignation"]

1. Nf3 c5 2. c4 g6 3. Nc3 Bg7 4. g3 Nc6 5. Bg2 e6 6. a3 Nge7 7.
Rb1 a5 8. d3 O-O 9. O-O d5 10.
Bd2 h6 11. cxd5 exd5 12. Nb5 Be6 13. Qc1 Qb6 14. a4 Kh7 15. Bf4 Rac8 16. Nd2 Nd4 17.
Nxd4 cxd4 18. Qd1 g5 19. b4 axb4 20. a5 Qd8 21. Rxb4 gxf4 22. Rxb7 fxg3 23. hxg3 Nf5 24. a6 Qa5 25. a7 Ra8 26. Nb3 Qa3 27. Qa1 Qxa1 28.
Rxa1 Nd6 29. Rb6 Rfd8 30. Nc5 Kg6 31. Raa6 Bf8 32. Rc6 Kh7 33. Nxe6 fxe6 34. Bh3 e5 35. Be6 Nb5 36. Rcb6 Nxa7 37. Rb7+ Kg6 38. Bxd5+ Rd6 39. Be4+ Kg5 40. Rxd6 Bxd6 41. Rg7+ Kf6 42. Rg6+ Kf7 43. Rxd6 Re8 44. Bg6+ Ke7 45. Ra6 1-0

[Event "Early-Titled-Tuesday-Blitz-October-24-2023"]
[Site "Chess.com"]
[Date "2023.10.24"]
[Round "7"]
[White "verrbaa"]
[Black "HanSchut"]
[Result "1-0"]
[WhiteElo "2446"]
[BlackElo "2285"]
[TimeControl "180+1"]
[EndTime "9:15:13 PDT"]
[Termination "verrbaa won on time"]

1. e4 c5 2. Nf3 d6 3. g3 g6 4. Bg2 Bg7 5. O-O Nc6 6. c3 e5 7.
Na3 Nge7 8. Nc2 d5 9. exd5 Nxd5 10. Re1 O-O 11. d4 cxd4 12. cxd4 exd4 13. Ncxd4 Nxd4 14. Nxd4 Nb4 15. Be3 Rb8 16. Qa4 a5 17. Rad1 Bd7 18.
Qb3 Bxd4 19. Bxd4 Be6 20. Qf3 Bd5 21. Qf4 Bxg2 22. Qh6 f6 23. Kxg2 Qc7 24. Bc3 Rbd8 25. Rxd8 Qxd8 26. h4 Nd5 27. h5 Nxc3 28. bxc3 Qd7 29. hxg6 hxg6 30. Qxg6+ Qg7 31. Qe4 Qf7 32. Rh1 Re8 33. Qg4+ Qg7 34. Qc4+ Qf7 35. Rh8+ Kg7 36. Rh7+ 1-0

[Event "Early-Titled-Tuesday-Blitz-October-24-2023"]
[Site "Chess.com"]
[Date "2023.10.24"]
[Round "7"]
[White "InitiatingASC"]
[Black "hsd2016"]
[Result "1-0"]
[WhiteElo "2336"]
[BlackElo "2261"]
[TimeControl "180+1"]
[EndTime "9:15:15 PDT"]
[Termination "InitiatingASC won on time"]

1. e4 e5 2. Nf3 d6 3. d4 exd4 4. Nxd4 Nf6 5. Nc3 Be7 6. Be3 O-O 7. f3 Nc6 8. Qd2 Nxd4 9. Bxd4 Be6 10. g4 h6 11. h4 d5 12. g5 Nh5 13. gxh6 dxe4 14.
O-O-O c5 15. Bxg7 Qxd2+ 16. Rxd2 Nxg7 17. hxg7 Kxg7 18. Nxe4 Rad8 19. Rg2+ Kh6 20. Ng5 Bd6 21.
Bd3 Bf4+ 22. Kb1 Bd5 23. Rhg1 f6 24. Ne4 c4 25. Rg6+ Kh5 26. Nxf6+ Rxf6 27. Rxf6 Be3 28. Bg6+ Kxh4 29. Rd1 c3 30. Be4 Bxa2+ 31. Kxa2 Rxd1 32. bxc3 Rd7 33. Kb3 Kg3 34. Rf8 Rc7 35. Rb8 b6 36. c4 Kf4 37. Bd5 Ke5 38. Re8+ Kd4 39. Ka4 Bd2 40.
Kb5 Ba5 41. Ka6 Kc5 42. Ra8 b5 43. Kxa5 bxc4 44. Be4 c3 45. Ka6 1-0

[Event "Early-Titled-Tuesday-Blitz-October-24-2023"]
[Site "Chess.com"]
[Date "2023.10.24"]
[Round "7"]
[White "MANOJ_MISHRA123"]
[Black "Politov_Pavel"]
[Result "1-0"]
[WhiteElo "2175"]
[BlackElo "2027"]
[TimeControl "180+1"]
[EndTime "9:15:16 PDT"]
[Termination "MANOJ_MISHRA123 won by checkmate"]

1. e4 c5 2. b4 cxb4 3. a3 e5 4.
axb4 Bxb4 5. c3 Bc5 6. d4 exd4 7. cxd4 Bb4+ 8. Bd2 Qe7 9. Bd3 d5 10. f3 Nc6 11. Ne2 dxe4 12. fxe4 Bxd2+ 13. Nxd2 Nb4 14. Bc4 Nf6 15. O-O O-O 16. Ng3 Ng4 17. Qb3 Be6 18.
Nf5 Bxf5 19. Rxf5 Nh6 20. Re5 Qd6 21. Nf3 Ng4 22. Rg5 Nh6 23. Raa5 Nc6 24. Rad5 Qc7 25. Qb2 Na5 26. Ba2 Nc4 27. Bxc4 Qxc4 28. Rc5 Qd3 29. d5 Qxe4 30. Qxg7# 1-0

[Event "Early-Titled-Tuesday-Blitz-October-24-2023"]
[Site "Chess.com"]
[Date "2023.10.24"]
[Round "7"]
[White "Zhbugnoimt"]
[Black "Bilan_Danila"]
[Result "0-1"]
[WhiteElo "2557"]
[BlackElo "2424"]
[TimeControl "180+1"]
[EndTime "9:15:17 PDT"]
[Termination "Bilan_Danila won by resignation"]

1. e4 c6 2. d4 d5 3. e5 c5 4.
Nf3 Nc6 5. c4 e6 6. Nc3 cxd4 7.
Nxd4 Bc5 8. Nxc6 bxc6 9. Qg4 Bf8 10. Be2 h5 11. Qf4 Ne7 12. cxd5 cxd5 13. O-O Ng6 14. Qd4 Qb6 15. Bb5+ Bd7 16. Qa4 Rd8 17. Be3 Bc5 18. Bxc5 Qxc5 19. Rac1 Qe7 20. Qxa7 Bxb5 21. Qxe7+ Kxe7 22. Nxb5 Nxe5 23. Rc7+ Rd7 24. Rfc1 Rb8 25. a4 Nc4 26. Rxd7+ Kxd7 27. b3 Ne5 28. Rc7+ Kd8 29. f4 Rxb5 30. Ra7 Nc6 31. Rxf7 Rxb3 32. Rxg7 d4 33.
Rg5 d3 34. Kf2 d2 35. Ke2 Rd3 36. Kd1 Kd7 37. Rxh5 Nd4 38. a5 Ne2 39. Rh7+ Kd6 0-1

[Event "Early-Titled-Tuesday-Blitz-October-24-2023"]
[Site "Chess.com"]
[Date "2023.10.24"]
[Round "7"]
[White "DonJuanEGenaro"]
[Black "mary-sanna"]
[Result "1-0"]
[WhiteElo "1828"]
[BlackElo "2202"]
[TimeControl "180+1"]
[EndTime "9:15:21 PDT"]
[Termination "DonJuanEGenaro won by resignation"]

1. d4 Nf6 2. Nf3 d5 3. c4 e6 4. Nc3 c5 5. cxd5 exd5 6. g3 Nc6 7. Bg2 cxd4 8. Nxd4 Bc5 9. Nb3 Bb6 10. Nxd5 O-O 11.
O-O Be6 12. e4 Rc8 13. Bg5 Bxd5 14. exd5 Nb4 15. d6 h6 16. Bxf6 Qxf6 17. Bxb7 Rc2 18.
Qf3 Qxd6 19. a3 Nd3 20. Rad1 Bxf2+ 21. Rxf2 Rxf2 22. Qxf2 Nxf2 23. Rxd6 Nh3+ 24. Kg2 Ng5 25. h4 Ne6 26. Bd5 Nd8 27. Rd7 a5 28. Nxa5 g6 29. Nb7 Nxb7 30. Rxb7 Kg7 31. Rxf7+ Rxf7 32. Bxf7 Kxf7 33.
b4 Ke6 34. Kf3 Kd5 35. b5 Kc5 36. a4 Kb6 37. Ke4 g5 38. hxg5 hxg5 39. Kf5 Ka5 40. Kxg5 Kxa4 41. b6 Kb5 42. b7 1-0

[Event "Early-Titled-Tuesday-Blitz-October-24-2023"]
[Site "Chess.com"]
[Date "2023.10.24"]
[Round "7"]
[White "vovachesss"]
[Black "profedechess93"]
[Result "0-1"]
[WhiteElo "2772"]
[BlackElo "2615"]
[TimeControl "180+1"]
[EndTime "9:15:23 PDT"]
[Termination "profedechess93 won on time"]

1. d4 d5 2. c4 c6 3. Nf3 Nf6 4.
Qb3 dxc4 5. Qxc4 Bg4 6. Nbd2 Nbd7 7. g3 e6 8. Bg2 Be7 9. O-O O-O 10. Qb3 Qb6 11. Nc4 Qa6 12. e3 Rab8 13. Nfe5 Nxe5 14. Nxe5 Be2 15. Re1 c5 16. dxc5 Rfc8 17. Bd2 Rxc5 18. Bc3 Bd6 19. Nf3 Nd5 20. Bd4 Rcc8 21. Ne5 Bxe5 22. Bxe5 Bc4 23. Qd1 Ra8 24. b3 Bd3 25. Qg4 Bg6 26. a3 Nc3 27. Bxc3 Rxc3 28. Qb4 Rc7 29. Rac1 Rd7 30. Red1 Rxd1+ 31. Rxd1 Qe2 32. Re1 Qc2 33. Qxb7 Rd8 34. b4 h5 35. h4 Qc3 36.
Rf1 Bd3 37. Rd1 Qc2 38. Bf3 Rc8 39. Rxd3 Qb1+ 40. Kg2 Rc1 41. Qa8+ Kh7 42. Qe4+ g6 0-1

[Event "Early-Titled-Tuesday-Blitz-October-24-2023"]
[Site "Chess.com"]
[Date "2023.10.24"]
[Round "7"]
[White "Grischuk"]
[Black "Jospem"]
[Result "1/2-1/2"]
[WhiteElo "2996"]
[BlackElo "3135"]
[TimeControl "180+1"]
[EndTime "9:15:24 PDT"]
[Termination "Game drawn by repetition"]

1. d4 Nf6 2. c4 e6 3. Bg5 Bb4+ 4.
Nd2 h6 5. Bh4 b6 6. e3 Bb7 7.
Nf3 Be7 8. Be2 c5 9. dxc5 Bxc5 10. O-O Be7 11. Rc1 d6 12. Nd4 Nbd7 13. Bf3 Qc8 14. Bxb7 Qxb7 15. Qf3 Qxf3 16. gxf3 a6 17. Rfd1 Rc8 18.
Bg3 Nc5 19. Kf1 g6 20. Ke2 O-O 21. Rc2 Rfd8 22. Rdc1 Kg7 23. b4 Ncd7 24. b5 Nb8 25. e4 Nfd7 26. f4 Nc5 27. f3 a5 28. N2b3 Ncd7 29.
Kf2 Nf6 30. Ne2 Rc7 31. Nbd4 Rdc8 32. Ke3 Nfd7 33. Kd2 Bf6 34. Bf2 Nc5 35. Nb3 Ncd7 36.
Be3 Kh7 37. a4 Be7 38. Ned4 e5 39. Ne2 Rb7 40. Kd3 Bf6 41. Nc3 Nf8 42. Nd5 Nbd7 43. f5 Bg7 44. h4 h5 45. Rg2 Bh6 46. Bxh6 Kxh6 47. Rcg1 Re8 48. Rg5 Rbb8 49. Kc3 Rbc8 50. Kd3 Rb8 51. Kc3 Rbc8 52. Kd3 Rb8 1/2-1/2

[Event "Early-Titled-Tuesday-Blitz-October-24-2023"]
[Site "Chess.com"]
[Date "2023.10.24"]
[Round "7"]
[White "ideika"]
[Black "C_K_G"]
[Result "1-0"]
[WhiteElo "2334"]
[BlackElo "1887"]
[TimeControl "180+1"]
[EndTime "9:15:24 PDT"]
[Termination "ideika won by resignation"]

1. e4 c5 2. Nf3 d6 3. d4 cxd4 4. Nxd4 Nf6 5. Nc3 a6 6. Bg5 e5 7.
Nf5 Bxf5 8. exf5 Nbd7 9. Ne4 Qa5+ 10. Qd2 Qxd2+ 11. Nxd2 d5 12. Nf3 Bd6 13. O-O-O Rc8 14.
Bxf6 Nxf6 15. Nxe5 Bxe5 16. Re1 Ne4 17. f3 Bf4+ 18.
Kb1 O-O 19. fxe4 dxe4 20. Rxe4 Rfe8 21. Bd3 Rxe4 22. Bxe4 Rc7 23. Rd1 Kf8 24. f6 gxf6 25. Bxh7 Bxh2 26. Be4 Be5 27. c3 Kg7 28. Kc2 Kh6 29.
Kb3 Kg5 30. Kb4 b6 31. a4 Kf4 32. Bf3 Rc5 33. Rd5 a5+ 34. Kb3 Rxd5 35. Bxd5 Kg3 36. Bf3 f5 37. Kc4 f6 38. Kb5 Bc7 39. b4 axb4 40.
cxb4 f4 41. a5 bxa5 42. bxa5 Kf2 43. a6 Bb8 44. Kb6 Ke3 45. Kb7 Be5 46. a7 Bd4 47. a8=Q 1-0

[Event "Early-Titled-Tuesday-Blitz-October-24-2023"]
[Site "Chess.com"]
[Date "2023.10.24"]
[Round "7"]
[White "ExcitingTrap"]
[Black "dosto07"]
[Result "1-0"]
[WhiteElo "2386"]
[BlackElo "2486"]
[TimeControl "180+1"]
[EndTime "9:15:25 PDT"]
[Termination "ExcitingTrap won on time"]

1. e4 e5 2. Nf3 Nc6 3. Bb5 a6 4. Ba4 Nf6 5. O-O Be7 6. d3 b5 7. Bb3 d6 8. c3 O-O 9. a4 b4 10.
a5 Rb8 11. Re1 Be6 12. c4 Bg4 13. Be3 Nd7 14. Ba4 Nd4 15. Bxd4 exd4 16. Nbd2 Bg5 17. Qc2 Bxd2 18. Nxd2 Nc5 19. h3 Be6 20. Nf3 Qf6 21. Bc6 Bxh3 22. e5 dxe5 23. Nxe5 Be6 24. Qe2 Bf5 25. Rad1 h6 26. Qf3 Rbd8 27. Bd5 Be6 28. Bc6 Qxf3 29. Bxf3 Rfe8 30. Nc6 Rd6 31. Nxb4 Bd7 32.
Rxe8+ Bxe8 33. Nd5 Kf8 34. b4 Ne6 35. Rb1 Bc6 36.
b5 axb5 37. a6 Bxd5 38. cxd5 Ng5 39. Ra1 1-0

[Event "Early-Titled-Tuesday-Blitz-October-24-2023"]
[Site "Chess.com"]
[Date "2023.10.24"]
[Round "7"]
[White "jcibarra"]
[Black "wannabe2700"]
[Result "1-0"]
[WhiteElo "2922"]
[BlackElo "2630"]
[TimeControl "180+1"]
[EndTime "9:15:26 PDT"]
[Termination "jcibarra won by resignation"]

1. e4 c5 2. Nf3 e6 3. d4 cxd4 4. Nxd4 Nc6 5. Nc3 Nf6 6. Ndb5 Bc5 7. Bf4 e5 8. Bg5 d6 9. Nd5 Bxf2+ 10. Ke2 Bg4+ 11.
Kxf2 Bxd1 12. Bxf6 gxf6 13. Rxd1 O-O 14. Ne3 Nd4 15. Nc3 f5 16. exf5 Qg5 17. Ncd5 Kh8 18. Bd3 Rg8 19. g3 Rae8 20. c3 Nc6 21. Be4 Ne7 22.
Nxe7 Qxe7 23. Rd3 Rd8 24. Rhd1 f6 25. Bd5 Rge8 26. Be6 Qc7 27. Nd5 Qc5+ 28. Kg2 Rf8 29. Re3 b6 30. Re4 a5 31. Rd2 b5 32. a3 Rb8 33. Rde2 Qc6 34. Rh4 Rbe8 35. Rd2 b4 36.
axb4 axb4 37. Rxb4 Rb8 38. Re4 Rb5 39. c4 Rb3 40.
Rc2 Rfb8 41. Ree2 Rxb2 42. Rxb2 Rxb2 43. Rxb2 Qxc4 44. Rb8+ Kg7 45. Rg8+ Kh6 46. Nxf6 Qe2+ 47. Kh3 Qf1+ 48. Kh4 1-0

[Event "Early-Titled-Tuesday-Blitz-October-24-2023"]
[Site "Chess.com"]
[Date "2023.10.24"]
[Round "7"]
[White "Alexei_Gubajdullin"]
[Black "FoxOnTheRun97"]
[Result "0-1"]
[WhiteElo "2731"]
[BlackElo "2570"]
[TimeControl "180+1"]
[EndTime "9:15:27 PDT"]
[Termination "FoxOnTheRun97 won by resignation"]

1. d4 Nf6 2. Nf3 e6 3. Bf4 d5 4. e3 Bd6 5. Nbd2 O-O 6. Bg3 c5 7. c3 Qc7 8. dxc5 Qxc5 9. b4 Qc7 10.
c4 dxc4 11. Bxc4 Nc6 12. Qb1 Rd8 13. Qb2 a6 14. Rc1 b5 15. Be2 Bb7 16. a3 Qe7 17. Nb3 Ne4 18. O-O Nxg3 19. hxg3 Rac8 20. Nc5 Bxc5 21.
Rxc5 Nb8 22. Rfc1 Rxc5 23. Rxc5 Rc8 24. Rxc8+ Bxc8 25. Ne5 Bb7 26. Nd3 Nd7 27. Qd4 g6 28.
Qa7 Nf6 29. Nc5 Qd6 30. Qb8+ Qxb8 31. Bd3 Qc7 32. Be2 Bc8 33. Bd3 a5 34. f3 axb4 35.
axb4 Qd6 36. Kf2 Nd5 37. Ne4 Qxb4 38. Be2 Qb2 39. f4 b4 40. Kf3 Qa3 41. Kf2 Qxe3+ 42.
Kf1 Qxe4 43. Bf3 Qe3 44. f5 Ba6+ 0-1

[Event "Early-Titled-Tuesday-Blitz-October-24-2023"]
[Site "Chess.com"]
[Date "2023.10.24"]
[Round "7"]
[White "FlemingA"]
[Black "GeorgiosSouleidis"]
[Result "0-1"]
[WhiteElo "2442"]
[BlackElo "2611"]
[TimeControl "180+1"]
[EndTime "9:15:27 PDT"]
[Termination "GeorgiosSouleidis won by resignation"]

1. e4 c5 2. Nf3 e6 3. c3 d5 4. e5 d4 5. g3 b6 6. Bg2 Bb7 7.
O-O Ne7 8. d3 Nbc6 9. c4 Ng6 10.
Re1 Be7 11. h4 h5 12. Nbd2 Qc7 13. Qe2 O-O-O 14. a3 a5 15. b4 cxb4 16. axb4 Bxb4 17. Ba3 Bxa3 18. Rxa3 Nb4 19. Rb1 Rhe8 20. Rab3 f6 21.
Bh3 Nxe5 22. Nxe5 Qxe5 23. Qxe5 fxe5 24. Re1 g6 25. Rxe5 Kc7 26. Rg5 Rg8 27. Bxe6 Rg7 28. Bf5 Rdd7 29. Bxg6 Rde7 30. Ne4 Nxd3 31. Rxd3 Rxg6 32.
f3 Bxe4 33. fxe4 Rxg5 34. hxg5 Rxe4 35. Kg2 Rg4 36. Kf3 Kc6 37. Rd1 Kc5 38. Rb1 Kxc4 39. Rxb6 Rxg5 40. Kf4 Rc5 41. Ra6 d3 42. Rd6 Kc3 43. Ke3 Re5+ 44. Kf4 Re8 45. Rc6+ Kd2 46. Rd6 Ra8 47. Kg5 a4 48. Kxh5 a3 49. Ra6 Rxa6 0-1

[Event "Early-Titled-Tuesday-Blitz-October-24-2023"]
[Site "Chess.com"]
[Date "2023.10.24"]
[Round "7"]
[White "Boninknights"]
[Black "ama18"]
[Result "0-1"]
[WhiteElo "2307"]
[BlackElo "2528"]
[TimeControl "180+1"]
[EndTime "9:15:29 PDT"]
[Termination "ama18 won by resignation"]

1. d4 Nf6 2. Nf3 e6 3. c4 d5 4. g3 dxc4 5. Qa4+ Bd7 6. Qxc4 Bc6 7. Bg2 Nbd7 8. O-O Be7 9. Nbd2 O-O 10. Qc2 Nb6 11. b3 Rc8 12. Bb2 Bb5 13. Rfe1 c5 14.
Rac1 cxd4 15. Qb1 d3 16. Rxc8 Nxc8 17. a4 Ba6 18. b4 b6 19. b5 Bb7 20. Qxd3 Qxd3 21. exd3 Bb4 22. Rc1 Nd6 23. Nc4 Rc8 24.
Nfe5 Bxg2 25. Kxg2 Kf8 26. Nc6 Nxc4 27. Rxc4 Bd6 28. Nxa7 Rxc4 29. dxc4 Nd7 30. Bd4 e5 31. Be3 Bc5 32. Nc8 Bxe3 33. fxe3 Ke8 34. Kf3 Kd8 35. Nd6 f6 36. Ke4 Nc5+ 37. Kd5 Nxa4 38.
Ke6 Nc5+ 39. Kf7 Kd7 40. Nf5 g6 41. Nh4 f5 42. Kg7 Ke6 43. Kxh7 g5 44. Nf3 g4 45. Nd2 Nd3 0-1

[Event "Early-Titled-Tuesday-Blitz-October-24-2023"]
[Site "Chess.com"]
[Date "2023.10.24"]
[Round "7"]
[White "ShahxaibKhan"]
[Black "nitpicker"]
[Result "1-0"]
[WhiteElo "2414"]
[BlackElo "2248"]
[TimeControl "180+1"]
[EndTime "9:15:29 PDT"]
[Termination "ShahxaibKhan won by checkmate"]

1. e4 c5 2. Nc3 Nc6 3. f4 g6 4. Nf3 Bg7 5. Bb5 Nd4 6. Bc4 e6 7. d3 Ne7 8. Nxd4 cxd4 9. Ne2 O-O 10. Bb3 d5 11. e5 f6 12. exf6 Bxf6 13. O-O Bd7 14.
Kh1 Qb6 15. Ng1 a5 16. a4 Nf5 17. Nf3 Ne3 18. Bxe3 dxe3 19. d4 Rac8 20. Re1 Be7 21. g3 e5 22. Nxe5 Bf5 23. Rxe3 Qd6 24. Qe1 Bf6 25.
Qxa5 Kg7 26. c3 Be4+ 27. Kg1 g5 28. Qb4 Qc7 29. a5 Kh8 30. a6 Rb8 31. a7 Ra8 32.
Qc5 Qg7 33. fxg5 Qxg5 34. Rae1 Bxe5 35. dxe5 Qf5 36. Rxe4 Qf2+ 37. Qxf2 Rxf2 38. Kxf2 dxe4 39. Rxe4 Rxa7 40. e6 Ra8 41. e7 Re8 42. Ba4 Rxe7 43.
Rxe7 Kg8 44. Rxb7 Kf8 45. Kf3 h6 46. Kf4 Kg8 47. h4 Kf8 48. g4 Kg8 49. Kf5 Kh8 50.
Kg6 Kg8 51. Rb8# 1-0

[Event "Early-Titled-Tuesday-Blitz-October-24-2023"]
[Site "Chess.com"]
[Date "2023.10.24"]
[Round "7"]
[White "FairChess_on_YouTube"]
[Black "Blitzstream"]
[Result "1-0"]
[WhiteElo "3093"]
[BlackElo "2848"]
[TimeControl "180+1"]
[EndTime "9:15:30 PDT"]
[Termination "FairChess_on_YouTube won on time"]

1. c4 c6 2. Nf3 d5 3. g3 Nf6 4. Bg2 Bf5 5. cxd5 cxd5 6. O-O Nc6 7. d3 e6 8. Nc3 Be7 9. Qb3 Qb6 10. Be3 Qxb3 11. axb3 O-O 12. Nd4 Nxd4 13. Bxd4 a6 14.
e4 Bg6 15. exd5 exd5 16. Rfe1 Rfe8 17. Re3 Ng4 18. Re2 Bf6 19. Rxe8+ Rxe8 20. Bxf6 Nxf6 21. Nxd5 Nxd5 22. Bxd5 Bxd3 23. Bxb7 g6 24. h4 Re6 25. Bd5 Rb6 26. Kg2 Bc2 27. Ra3 Bd3 28. Kf3 Kg7 29.
Ke3 Bb5 30. Kd4 Kf6 31. b4 Rb8 32. Rf3+ Kg7 33. Rxf7+ Kh6 34. g4 Rd8 35. Ke5 Be2 36. Be6 Rh8 37. Kf6 Bd1 38. Ke5 Be2 39. Kf4 Bd1 40. g5+ Kh5 41. Kg3 h6 42. f4 Rd8 43. Rd7 Re8 44. Rh7 1-0

[Event "Early-Titled-Tuesday-Blitz-October-24-2023"]
[Site "Chess.com"]
[Date "2023.10.24"]
[Round "7"]
[White "abhidabhi"]
[Black "NovozhilovSemen"]
[Result "1/2-1/2"]
[WhiteElo "2900"]
[BlackElo "2712"]
[TimeControl "180+1"]
[EndTime "9:15:30 PDT"]
[Termination "Game drawn by repetition"]

1. Nf3 Nf6 2. c4 c5 3. g3 b6 4. Bg2 Bb7 5. Nc3 e6 6. O-O Be7 7. d4 cxd4 8. Qxd4 O-O 9. Bg5 d6 10. Rac1 Nbd7 11. Rfd1 a6 12. b3 Rc8 13. h4 h6 14. Be3 Bc6 15. Qd3 Rc7 16. b4 Qa8 17.
Bf4 e5 18. Bxh6 e4 19. Qe3 Ng4 20. Qf4 Nxh6 21. Nd4 Bb7 22. Nxe4 Nf6 23. Nxf6+ Bxf6 24. Bxb7 Qxb7 25. Nf3 Re8 26. Rxd6 Re4 27. Qd2 Rexc4 28. Rd8+ Kh7 29. Qd3+ Qe4 30. Qxe4+ Rxe4 31. Rxc7 Bxd8 32. Rd7 Bf6 33. Ng5+ Bxg5 34. hxg5 Ng8 35. Rxf7 Rxb4 36. f4 Kg6 37. Rb7 Rb2 38. Kf2 a5 39. Kf3 b5 40. e4 Rxa2 41. Rxb5 Ne7 42. Rb7 Kf7 43. f5 Rd2 44. e5 Ke8 45. g4 a4 46. f6 gxf6 47.
gxf6 Nc6 48. g5 Nxe5+ 49. Ke4 Nd7 50. Ra7 Kf7 51. Kf5 Rd5+ 52. Kf4 Rd4+ 53. Ke3 Rd5 54. Ke4 Rd1 55. Kf5 Rd5+ 56. Ke4 Rd1 57. Kf5 Rd5+ 1/2-1/2

[Event "Early-Titled-Tuesday-Blitz-October-24-2023"]
[Site "Chess.com"]
[Date "2023.10.24"]
[Round "7"]
[White "Aswathchess"]
[Black "wild3000"]
[Result "1-0"]
[WhiteElo "2659"]
[BlackElo "2383"]
[TimeControl "180+1"]
[EndTime "9:15:30 PDT"]
[Termination "Aswathchess won by resignation"]

1. e4 e6 2. d4 d5 3. Nd2 a6 4.
Ngf3 Nf6 5. e5 Nfd7 6. c3 c5 7.
Bd3 Nc6 8. O-O b5 9. a4 b4 10. Re1 Qb6 11. Nf1 cxd4 12. cxd4 Nxd4 13. a5 Nxf3+ 14.
Qxf3 Qc7 15. Qg3 h5 16. Bg5 Bb7 17. h4 Rc8 18. Qf4 Bc5 19. Ng3 Ba7 20. Qxb4 Qc5 21.
Qxb7 Rb8 22. Qxa6 Qxf2+ 23. Kh2 O-O 24. Re2 Qd4 25. Be3 Qxe3 26. Rxe3 Bxe3 27. Bh7+ Kh8 28.
Qe2 Bh6 29. Bd3 g6 30. a6 Bf4 31. a7 Ra8 32. Kh3 Nxe5 33. Ra4 Bxg3 34. Kxg3 Nc6 35. Qf2 Kg7 36. b4 d4 37. b5 Nxa7 38. Qxd4+ Kh6 39.
Rxa7 Rad8 40. Qe3+ Kg7 41. Bxg6 Kxg6 42. Qg5+ Kh7 43. Qxh5+ Kg7 44. Qg5+ Kh7 45. Rxf7+ Rxf7 46. Qxd8 e5 47. Qg5 Rg7 48. Qxg7+ Kxg7 49. Kf3 Kf6 50. Ke4 Ke6 51. h5 Kf6 52. b6 1-0

[Event "Early-Titled-Tuesday-Blitz-October-24-2023"]
[Site "Chess.com"]
[Date "2023.10.24"]
[Round "7"]
[White "scarabee43"]
[Black "KononenkoD"]
[Result "0-1"]
[WhiteElo "2789"]
[BlackElo "2601"]
[TimeControl "180+1"]
[EndTime "9:15:34 PDT"]
[Termination "KononenkoD won by resignation"]

1. d4 d5 2. c4 c6 3. Nf3 Nf6 4.
Nc3 e6 5. Bg5 dxc4 6. e4 b5 7. e5 h6 8. Bh4 g5 9. Nxg5 hxg5 10.
Bxg5 Nbd7 11. exf6 Bb7 12. g3 c5 13. d5 Qb6 14.
Bg2 O-O-O 15. O-O b4 16. Na4 Qb5 17. dxe6 Bxg2 18. Kxg2 Ne5 19. Qe2 Qc6+ 20. f3 Qxe6 21. Rae1 Qh3+ 22. Kg1 Nd3 23. Rd1 Bd6 24. f4 Rde8 25.
Qg2 Qxg2+ 26. Kxg2 Re2+ 27. Kf3 Rhxh2 28. b3 Rhf2+ 29.
Rxf2 Rxf2+ 30. Ke3 Rxa2 31. bxc4 Rxa4 32. Rxd3 Kc7 33. g4 Ra3 34. f5 a5 35. Bh4 b3 36.
Be1 b2 37. Rxa3 b1=Q 38. Bxa5+ Kc6 39. Bd2 Qg1+ 40. Kd3 Qg3+ 41. Be3 Qxg4 42. Ra6+ Kd7 43. Ra7+ Kc8 44. Rxf7 Qxf5+ 45. Kd2 Qe6 46. Rg7 Qxf6 47.
Rg5 Qb2+ 48. Kd1 Qb3+ 49. Kd2 Qxc4 50. Rg1 Kd7 51. Rc1 Qd5+ 52. Ke2 Qh5+ 53. Kd2 Kc6 54. Kd3 Qd5+ 55. Ke2 c4 56. Rd1 Qh5+ 57. Kd2 Bb4+ 58.
Kc1 Qe2 59. Bd4 Ba3+ 0-1

[Event "Early-Titled-Tuesday-Blitz-October-24-2023"]
[Site "Chess.com"]
[Date "2023.10.24"]
[Round "7"]
[White "Flaccidmoves"]
[Black "Karttunen"]
[Result "1-0"]
[WhiteElo "2436"]
[BlackElo "2602"]
[TimeControl "180+1"]
[EndTime "9:15:34 PDT"]
[Termination "Flaccidmoves won by resignation"]

1. Nf3 d5 2. e3 e6 3. c4 Nf6 4. b3 c5 5. Bb2 Nc6 6. d4 cxd4 7. Nxd4 Bb4+ 8. Bc3 Qa5 9. Bxb4 Nxb4 10. Nd2 e5 11. a3 Nc6 12. b4 Qd8 13. Nxc6 bxc6 14. Bd3 e4 15. Be2 d4 16. exd4 Qxd4 17. O-O O-O 18. Nb3 Qb2 19. Nc5 Bf5 20. Re1 Rfd8 21. Qc1 Qe5 22. Qe3 a5 23. Rad1 axb4 24. axb4 Qb2 25. b5 cxb5 26. cxb5 h6 27. Bc4 Rxd1 28. Rxd1 Ra1 29. Qb3 Rxd1+ 30. Qxd1 Ng4 31. Qf1 Qd4 32. Nb3 Qb6 33. h3 Ne5 34. Be2 Be6 35. Nd2 e3 36. Nf3 Ng6 37. fxe3 Qxe3+ 38. Qf2 Qc1+ 39. Kh2 Qf4+ 40.
Qg3 Qb4 41. Qc7 Bd5 42. b6 Be4 43. Bc4 Nh8 44. Qd8+ Kh7 45. Qd4 f5 46. Ne5 Ng6 47.
Nxg6 Kxg6 48. Bf7+ Kxf7 49. Qxb4 1-0